 Dungeon Crawl Stone Soup version 0.20.0-4-g10b340a (webtiles) character file.

81 Minion the Vexing (level 4, 0/36 HPs)
             Began as a Deep Elf Arcane Marksman on May 28, 2017.
             Slain by an adder (3 damage)
             ... on level 2 of the Dungeon.
             The game lasted 00:07:28 (1928 turns).

Minion the Vexing (Deep Elf Arcane Marksman)        Turns: 1928, Time: 00:07:29

Health: 0/36       AC:  2    Str: 12    XL:     4   Next: 20%
Magic:  4/10       EV: 14    Int: 23    God:
Gold:   118        SH:  0    Dex: 16    Spells: 3/9 levels left

rFire    + . .     SeeInvis .   a - +1 shortbow
rCold    . . .     Gourm    .   (shield currently unavailable)
rNeg     . . .     Faith    .   e - +0 robe
rPois    .         Spirit   .   (no helmet)
rElec    .         Reflect  .   (no cloak)
rCorr    .         Harm     .   (no gloves)
MR       +....                  (no boots)
Stlth    ..........             h - amulet of rage
Regen    0.2/turn               m - ring of protection from magic
MPRegen  0.2/turn               u - ring of protection from fire

@: brilliant, berserking, lethally poisoned (0 -> -7), flying, very quick
A: blurry vision 1, sturdy frame 1
a: Evoke Berserk Rage


You were on level 2 of the Dungeon.
You were not hungry.

You visited 1 branch of the dungeon, and saw 2 of its levels.

You collected 118 gold pieces.

Inventory:

Hand Weapons
 a - a +1 shortbow (weapon)
Missiles
 d - 31 arrows (quivered)
Armour
 e - a +0 robe (worn)
Jewellery
 h - an amulet of rage (around neck)
 m - a ring of protection from magic (left hand)
 u - a ring of protection from fire (right hand)
Scrolls
 g - 2 scrolls of identify
 l - a scroll of remove curse
 q - a scroll of immolation {unknown}
 r - a scroll of fear {unknown}
 s - a scroll of amnesia {unknown}
 v - a scroll of enchant weapon
Potions
 i - 3 potions of agility
 j - 3 potions of mutation
 k - a potion of brilliance
Books
 c - a book of Debilitation

   Spells                             Type                      Level
   a - Corona                         Hexes                        1
   b - Slow                           Hexes                        2
   c - Inner Flame                    Hexes/Fire                   3
   d - Portal Projectile              Hexes/Translocation          3
   e - Cause Fear                     Hexes                        4
   f - Leda's Liquefaction            Hexes/Earth                  4
Comestibles
 b - 2 royal jellies
 f - a bread ration
 o - 4 chunks of flesh
 p - a meat ration


   Skills:
 - Level 0.7 Fighting
 + Level 3.2 Bows
 + Level 3.6 Dodging
 + Level 3.0 Spellcasting
 + Level 4.4 Hexes


You had 3 spell levels left.
You knew the following spells:

 Your Spells              Type           Power        Failure   Level  Hunger
a - Corona                Hex            #####..      1%          1    None
b - Slow                  Hex            #####...     1%          2    ##.....
c - Portal Projectile     Hex/Tloc       ####..       1%          3    ###....


Dungeon Overview and Level Annotations

Branches:
Dungeon (2/15)

Altars:


Innate Abilities, Weirdness & Mutations

Scrolls take you a little longer to read.
Your movements are slightly less encumbered by armour. (ER -2)


Message History

You fly up into the air.
* * * LOW HITPOINT WARNING * * *
You feel sick. The adder closely misses you.
It was a potion of berserk rage.
A red film seems to cover your vision as you go berserk!
You feel yourself moving faster!
You feel mighty! The adder closely misses you. The adder bites you.
* * * LOW HITPOINT WARNING * * *
You are too berserk!
Really attack while wielding your +1 shortbow?
You clumsily bash the adder.
The adder is almost dead.
* * * LOW HITPOINT WARNING * * *
You feel sick. The adder bites you.
* * * LOW HITPOINT WARNING * * *
You completely miss the adder.
The adder is almost dead.
* * * LOW HITPOINT WARNING * * *
You feel sick. The adder bites you.
You die...

......#
##.###.......#######
#####.#
##.##....###.......# # #..
.........#⌠#..####.# #.
.#.......###.#####.####
####
..#####......##....(..#
#...
........(.(...##...)...#
..#
..>#####.####.##.......##
..#
........S####.......÷...#
..#
.#........@.#####........#
######.##########.#
#........# ..#....# #.#
#)[......# ..#....# #.#
###.####.# #.#.# #.# #.#
#.# #...# #.# #.# #.#
##.## #.# #.# #.# #)# #.#
###.####.# #.# #.#
#.....##.#


You could see an adder.

Vanquished Creatures
  An adder (D:2)
  3 worms (D:2)
  4 dart slugs
  4 leopard geckos
  2 giant cockroaches (D:1)
  7 goblins
  10 hobgoblins
  5 kobolds
  A ball python (D:2)
  4 bats (D:2)
  A frilled lizard (D:2)
  8 rats
50 creatures vanquished.

Notes
Turn   | Place    | Note
-------+----------+-------------------------------------------
     0 | D:1      | Minion the Deep Elf Arcane Marksman began the quest for the Orb.
     0 | D:1      | Reached XP level 1. HP: 11/11 MP: 5/5
   351 | D:1      | Reached XP level 2. HP: 16/16 MP: 6/6
   652 | D:1      | Reached XP level 3. HP: 17/20 MP: 8/8
   787 | D:2      | Learned a level 2 spell: Slow
   791 | D:2      | Learned a level 3 spell: Portal Projectile
  1613 | D:2      | Reached XP level 4. HP: 24/24 MP: 10/10
  1923 | D:2      | Gained mutation: Scrolls take you a little longer to read. [potion of mutation]
  1923 | D:2      | Gained mutation: Your movements are slightly less encumbered by armour. (ER -2) [potion of mutation]
  1928 | D:2      | Slain by an adder

Skill      XL: |  1  2  3  4 |
---------------+-------------+-----
Spellcasting   | 2 3 |  3.0
Dodging        | 3 |  3.6
Bows           | 3 |  3.2
Fighting       | |  0.7
Hexes          | |  4.4

Action                   |  1- 3 |  4- 6 || total
-------------------------+-------+-------++-------
Melee: Shortbow          |       |     2 ||     2
 Fire: Shortbow          |   131 |    40 ||   171
 Cast: Corona            |     3 |       ||     3
       Portal Projectile |     2 |     1 ||     3
  Use: Scroll            |     3 |       ||     3
       Potion            |       |     4 ||     4
  Eat: Chunk             |     2 |     1 ||     3
Armor: Robe              |     6 |     4 ||    10
Dodge: Dodged            |    34 |    15 ||    49
